 Dungeon Crawl Stone Soup version 0.24.0-123-gd5b16e6ec5 (webtiles) character file.

Game seed: 4015294598353983082, levelgen mode: deterministic

2989 ReteAZ the Grappler (level 9, -13/80 HPs)
             Began as a Troll Fighter on Dec 16, 2019.
             Mangled by a tentacled starspawn (20 damage)
             ... on level 2 of the Abyss.
             The game lasted 00:07:11 (5144 turns).

ReteAZ the Grappler (Troll Fighter)                 Turns: 5144, Time: 00:07:11

Health: -13/80     AC:  7    Str: 26    XL:     9   Next: 53%
Magic:  8/8        EV: 10    Int:  4    God:
Gold:   365        SH: 11    Dex: 12    Spells: 8/8 levels left

rFire    . . .     SeeInvis +     - Unarmed
rCold    . . .     Gourm    +   b - +0 shield
rNeg     . . .     Faith    .   a - +0 robe
rPois    .         Spirit   .   (helmet restricted)
rElec    .         Reflect  .   A - +0 cloak
rCorr    .         Harm     .   (gloves unavailable)
MR       .....                  (boots unavailable)
Stlth    +.........             (no amulet)
HPRegen  0.00/turn              i - +2 ring of slaying
MPRegen  0.11/turn              j - ring of see invisible

@: non-regenerating, mildly diseased
A: large, unfitting armour, claws 3, fast metabolism 3, gourmand, regeneration
1, shaggy fur 1, tough skin 3
a: no special abilities


You were on level 2 of the Abyss.
You were very full.

You visited 2 branches of the dungeon, and saw 7 of its levels.
You visited the Abyss 1 time.

You collected 365 gold pieces.

Inventory:

Missiles
 h - a throwing net (quivered)
 w - 6 large rocks
Armour
 a - a +0 robe (worn)
 b - a +0 shield (worn)
 A - a +0 cloak (worn)
Jewellery
 i - a +2 ring of slaying (left claw)
 j - a ring of see invisible (right claw)
 o - an uncursed ring of resist corrosion
 u - an uncursed ring of ice
Scrolls
 e - 3 scrolls of identify
 g - 3 scrolls of amnesia
 k - 3 scrolls of teleportation
 m - 2 scrolls of fog
 p - a scroll of fear {unknown}
 r - 6 scrolls of remove curse {unknown}
 v - a scroll of noise {unknown}
 x - a scroll of acquirement {unknown}
 y - 2 scrolls of enchant armour {unknown}
Potions
 c - a potion of agility
 f - 3 potions of degeneration {unknown}
 l - 2 potions of cancellation {unknown}
 n - a potion of resistance {unknown}
 q - 2 potions of heal wounds
 s - 3 potions of flight {unknown}
 t - 2 potions of lignification {unknown}
 B - a potion of haste {unknown}
Comestibles
 d - 9 rations


   Skills:
 - Level 2.4 Fighting
 - Level 2.4 Dodging
 + Level 6.9 Shields
 * Level 11.0 Unarmed Combat


You had 8 spell levels left.
You didn't know any spells.
Your spell library contained the following spells:

 Spells                   Type           Power        Failure   Level  Hunger
 Magic Dart               Conj           #...         65%         1    ##.....
 Blink                    Tloc           N/A          80%         2    ###....
 Call Imp                 Summ           #.......     80%         2    ###....
 Slow                     Hex            #.......     80%         2    ###....
 Conjure Flame            Conj/Fire      #.......     95%         3    ####...
 Mephitic Cloud           Conj/Pois/Air  #.......     95%         3    ####...


Dungeon Overview and Level Annotations

Branches:
Dungeon (6/15)             Temple (1/1) D:5

Altars:
Ashenzari
Cheibriados
Dithmenos
Fedhas
Gozag
Hepliaklqana
Makhleb
Nemelex Xobeh
Ru
Trog
Wu Jian
Yredelemnul
Zin
The Shining One

Annotations:
D:6 1 runed translucent door, Thargor's ghost, novice DEWz


Innate Abilities, Weirdness & Mutations

You are too large for most types of armour.
You have claws for hands.
Your metabolism is lightning-fast.
You like to eat raw meat.
Your natural rate of healing is unusually fast.
You are covered in fur. (AC +1)
You have extremely tough skin. (AC +3)


Message History

The ancient zyme hits you. The ancient zyme hits you!
You barely miss the ancient zyme.
The ancient zyme is severely damaged.
The ancient zyme hits you. You block the ancient zyme's attack.
You barely miss the ancient zyme.
The ancient zyme is severely damaged.
You block the ancient zyme's attack. x2
You closely miss the ancient zyme.
The ancient zyme is severely damaged.
The ancient zyme barely misses you. The ancient zyme hits you!
You mangle the ancient zyme!!
You destroy the ancient zyme!
Your Unarmed Combat skill increases to level 11!
No target in view!
There is an open door here.
A tentacled starspawn comes into view.
The tentacled starspawn bites you!!!
* * * LOW HITPOINT WARNING * * *
The tentacled starspawn engulfs you!!
You die...

#.#############
#...X@........#
#.###########.#
#'#### .....#
#. ... # #....
# . ..#.....#
........ .#
.#...# .#.#


You could see a tentacled starspawn.

Vanquished Creatures
  Pikel (D:6)
  An ancient zyme (Abyss:2)
  Grinder (D:5)
  Sigmund (D:3)
  Edmund (D:5)
  Duvessa (D:6)
  An ice beast (D:6)
  An ogre (D:6)
  2 phantoms (D:4)
  2 centaurs
  Blork the orc (D:6)
  A bullfrog (D:6)
  Dowan (D:6)
  3 wights (D:6)
  4 crimson imps
  A centaur zombie (D:5)
  A bullfrog zombie (D:6)
  2 hounds
  A jelly (D:5)
  3 orc priests
  4 orc wizards
  A bullfrog skeleton (D:6)
  A gnoll shaman (D:6)
  Jessica (D:3)
  An iguana (D:6)
  2 worker ants
  2 hound skeletons (D:6)
  7 gnolls
  6 adders
  A shadow imp (D:6)
  2 oozes
  An adder zombie (D:6)
  A worm (D:3)
  4 dart slugs
  3 leopard geckos
  22 orcs
  9 bats
  4 giant cockroaches
  6 goblins
  3 hobgoblins (D:2)
  13 jackals
  3 quokkas
  A ball python (D:2)
  4 frilled lizards
  3 kobolds
  A quokka skeleton (D:4)
  A rat (D:2)
  A bush (D:6)
138 creatures vanquished.

Vanquished Creatures (others)
  3 slaves (D:6)
  An ogre (D:6)
4 creatures vanquished.

Grand Total: 142 creatures vanquished

Notes
Turn   | Place    | Note
-------+----------+-------------------------------------------
     0 | D:1      | ReteAZ the Troll Fighter began the quest for the Orb.
     0 | D:1      | Reached XP level 1. HP: 22/22 MP: 0/0
   394 | D:1      | Reached XP level 2. HP: 29/29 MP: 1/1
   730 | D:2      | Reached skill level 3 in Unarmed Combat
   733 | D:2      | Reached XP level 3. HP: 25/36 MP: 2/2
   978 | D:2      | Reached XP level 4. HP: 44/44 MP: 3/3
  1139 | D:2      | You fall into a shaft and drop 1 floor!
  1154 | D:3      | Reached skill level 4 in Unarmed Combat
  1221 | D:3      | Noticed Jessica
  1225 | D:3      | Killed Jessica
  1225 | D:3      | Reached XP level 5. HP: 35/50 MP: 4/4
  1346 | D:3      | Noticed Sigmund
  1362 | D:3      | Killed Sigmund
  1362 | D:3      | Reached skill level 5 in Unarmed Combat
  1362 | D:3      | Reached XP level 6. HP: 27/59 MP: 5/5
  2024 | D:4      | Reached skill level 6 in Unarmed Combat
  2100 | D:4      | Reached XP level 7. HP: 60/66 MP: 6/6
  2354 | D:4      | Found a hazy altar of Hepliaklqana.
  2404 | D:4      | Found a snail-covered altar of Cheibriados.
  2435 | D:4      | Found an opulent altar of Gozag.
  2534 | D:4      | Found a blossoming altar of Fedhas.
  2688 | D:5      | Entered Level 5 of the Dungeon
  2697 | D:5      | Found a staircase to the Ecumenical Temple.
  2706 | Temple   | Entered the Ecumenical Temple
  2844 | D:5      | Noticed Edmund
  2856 | D:5      | Killed Edmund
  2856 | D:5      | Reached skill level 7 in Unarmed Combat
  3064 | D:5      | Reached skill level 5 in Shields
  3111 | D:5      | Noticed Grinder
  3123 | D:5      | Killed Grinder
  3123 | D:5      | Reached skill level 8 in Unarmed Combat
  3123 | D:5      | Reached XP level 8. HP: 40/74 MP: 7/7
  3246 | D:5      | Found a snail-covered altar of Cheibriados.
  4154 | D:6      | Noticed Pikel
  4156 | D:6      | Noticed Dowan
  4225 | D:6      | Killed Pikel
  4225 | D:6      | Reached skill level 9 in Unarmed Combat
  4280 | D:6      | Found an ornate altar of the Wu Jian Council.
  4400 | D:6      | Reached XP level 9. HP: 76/80 MP: 8/8
  4418 | D:6      | Reached skill level 10 in Unarmed Combat
  4486 | D:6      | Found a blossoming altar of Fedhas.
  4499 | D:6      | Noticed Duvessa
  4517 | D:6      | Killed Dowan
  4532 | D:6      | Killed Duvessa
  4734 | D:6      | Noticed Blork the orc
  4741 | D:6      | Killed Blork the orc
  4784 | D:6      | Found a runed translucent door.
  4785 | D:6      | Noticed Thargor's ghost (novice DEWz)
  5044 | D:6      | Found a runed translucent door.
  5054 | D:6      | Cast into level 2 of the Abyss (Thargor's ghost)
  5120 | Abyss:2  | Noticed an ancient zyme
  5130 | Abyss:2  | Killed an ancient zyme
  5130 | Abyss:2  | Reached skill level 11 in Unarmed Combat
  5141 | Abyss:2  | Noticed a tentacled starspawn
  5144 | Abyss:2  | Mangled by a tentacled starspawn

Levels and vault maps discovered:
D:1:      dpeg_arrival_radiant, layout_basic
D:2:      layout_basic
D:3:      layout_basic, feat_on_display, uniq_jessica, uniq_sigmund
D:4:      layout_loops_ring, kennysheep_mini,
          gammafunk_temple_overflow_forgotten
D:5:      cheibrodos_iron_armory, layout_basic,
          minmay_temple_entry_statues_fountains, first_ration,
          lemuel_tele_altar, uniq_grinder, uniq_edmund
D:6:      layout_basic, lemuel_crystal_altar, ebering_ghost_sewer_f,
          fedhas_bush_and_centaur_altar, uniq_blork_the_orc, uniq_pikel,
          uniq_duvessa
Temple:   kb_temple_of_zot
Abyss:2:  base: D:3, hangedman_eye_storm, hangedman_decor_lopped

Skill      XL: |  1  2  3  4  5  6  7  8  9 |
---------------+----------------------------+-----
Unarmed Combat | 3 4 5 6 8 9 11 | 11.0
Shields        | 3 4 5 6 |  6.9
Fighting       | |  2.4
Dodging        | |  2.4

Action                   |  1- 3 |  4- 6 |  7- 9 || total
-------------------------+-------+-------+-------++-------
Melee: Unarmed           |    53 |    99 |   235 ||   387
  Use: Potion            |       |     1 |     1 ||     2
       Scroll            |       |       |     5 ||     5
 Stab: Sleeping          |       |       |     2 ||     2
  Eat: Chunk             |    11 |     8 |    33 ||    52
Armor: Robe              |    25 |    24 |    35 ||    84
Dodge: Dodged            |    15 |    29 |    50 ||    94
Block: Shield            |    32 |    40 |    87 ||   159
